 Dungeon Crawl Stone Soup version 0.30.0-29-ga12c61a403 (webtiles) character file.

Game seed: 8132795951356332596

67 Graphine the Ducker (level 4, -6/35 HPs)
             Began as a Merfolk Gladiator on June 3, 2023.
             Blown up by Ijyb (19 damage)
             ... with a mindburst bolt
             ... on level 3 of the Dungeon.
             The game lasted 00:10:34 (1484 turns).

Graphine the Ducker (Merfolk Gladiator)             Turns: 1484, Time: 00:10:35

Health: -6/35      AC:  4    Str: 14    XL:     4   Next: 16%
Magic:  4/4        EV: 13    Int:  7    God:
Gold:   28         SH:  4    Dex: 17    Spells: 3/3 levels left

rFire   . . .        a - +1 long sword
rCold   . . .        h - +0 buckler
rNeg    . . .        b - +0 leather armour
rPois   .            c - +0 helmet
rElec   .            (no cloak)
rCorr   .            (no gloves)
SInv    .            (no boots)
Will    .....        (no amulet)
Stlth   +            i - ring of flight
HPRegen 0.25/turn    (no ring)
MPRegen 0.09/turn

%: no passive effects
@: flying
A: (nimble swimmer 2), mertail, mutation resistance 1
a: no special abilities


You were on level 3 of the Dungeon.
You visited 1 branch of the dungeon, and saw 3 of its levels.

You collected 165 gold pieces.
You spent 137 gold pieces at shops.

Inventory:

Hand Weapons
 a - a +1 long sword (weapon)
Missiles
 d - a throwing net (quivered)
Armour
 b - a +0 leather armour (worn)
 c - a +0 helmet (worn)
 h - a +0 buckler (worn)
Jewellery
 i - a ring of flight (left hand)
Scrolls
 j - 2 scrolls of amnesia
Potions
 g - a potion of curing
 m - a potion of heal wounds


   Skills:
 + Level 3.1 Fighting
 + Level 4.3 Long Blades
 - Level 2.2 Throwing
 + Level 4.8 Dodging
 + Level 1.0 Shields


You had 3 spell levels left.
You didn't know any spells.
Your spell library contained the following spells:

 Spells                   Type           Power      Damage    Failure   Level
 Poisonous Vapours        Pois/Air       0%         N/A       77%         2
 Mephitic Cloud           Conj/Pois/Air  0%         N/A       94%         3
 Portal Projectile        Hex/Tloc       0%         N/A       94%         3
 Tukima's Dance           Hex            0%         N/A       94%         3
 Blade Hands              Tmut           0%         N/A       100%        5
 Freezing Cloud           Conj/Ice/Air   0%         6-21      100%        5


Dungeon Overview and Level Annotations

Branches:
Dungeon (3/15)

Altars:
Cheibriados

Shops:
D:2 *

Annotations:
D:3 Ijyb


Innate Abilities, Weirdness & Mutations

((You are very nimble when in or above water. (Stealth+, EV+, Speed+++)))
Your lower body shifts to a powerful aquatic tail in water.
You are somewhat resistant to further mutation.


Message History

You throw a poisoned dart. The poisoned dart barely misses Ijyb.
Throw: javelin
Press: ? - help, Shift-Dir - straight line, f/p - Ijyb
Aim: Ijyb, wielding a +0 club, wearing a +0 chain mail and carrying a wand of mindburst (12) (lightly wounded, very poisoned, 62% to hit)
You throw a javelin. The javelin pierces through Ijyb.
Ijyb is moderately wounded.
Ijyb misses you.
You hit Ijyb but do no damage.
Ijyb is heavily wounded.
Ijyb zaps a wand.
Your mind is blasted!
Ouch! That really hurt!
You are too injured to fight recklessly!
You are too injured to fight recklessly!
Hit: a) +1 long sword
Press: ? - help, Dir - move target, f/p - Ijyb
Aim: Ijyb, wielding a +0 club, wearing a +0 chain mail and carrying a wand of mindburst (11) (heavily wounded, very poisoned, about 37% to evade your +1 long sword)
You hit Ijyb but do no damage.
Ijyb is heavily wounded.
Ijyb barely misses you.
Hit: a) +1 long sword
Press: ? - help, Dir - move target, f/p - Ijyb
Aim: Ijyb, wielding a +0 club, wearing a +0 chain mail and carrying a wand of mindburst (11) (severely wounded, very poisoned, about 37% to evade your +1 long sword)
You hit Ijyb.
Ijyb is severely wounded.
Ijyb hits you with a +0 club.
Throw: 2 throwing nets
Press: ? - help, Q - select action Shift-Dir - straight line, f/p - Ijyb
Aim: Ijyb, wielding a +0 club, wearing a +0 chain mail and carrying a wand of mindburst (11) (severely wounded, very poisoned, 62% to hit)
You throw a throwing net. The throwing net hits Ijyb.
Ijyb is caught in the net!
Ijyb is severely wounded.
Ijyb struggles against the net.
Hit: a) +1 long sword
Press: ? - help, Dir - move target, f/p - Ijyb
Aim: Ijyb, wielding a +0 club, wearing a +0 chain mail and carrying a wand of mindburst (11) (severely wounded, entangled in a net, very poisoned, about 10% to evade your +1 long sword)
You hit Ijyb.
Ijyb is almost dead.
Ijyb zaps a wand.
Your mind is blasted!
Ouch! That really hurt!
You die...

..
>###
###...
#....#
#....#
#....#
#....#
#@...#
#g...#
#....#
###.##
(# .#
#


You could see Ijyb (caught, poisoned).

Vanquished Creatures
  2 adders (D:2)
  A worm (D:2)
  2 dart slugs (D:2)
  4 ball pythons
  2 bats (D:2)
  4 endoplasms
  A giant cockroach (D:2)
  5 goblins
  2 hobgoblins (D:2)
  3 jackals (D:1)
  3 kobolds
  2 quokkas
  3 frilled lizards
  6 rats
40 creatures vanquished.

Notes
Turn   | Place    | Note
-------+----------+-------------------------------------------
     0 | D:1      | Graphine the Merfolk Gladiator began the quest for the Orb.
     0 | D:1      | Reached XP level 1. HP: 16/16 MP: 1/1
   197 | D:1      | Reached XP level 2. HP: 18/23 MP: 2/2
   550 | D:1      | Found a faded altar of an unknown god.
   887 | D:2      | Reached XP level 3. HP: 25/28 MP: 3/3
  1113 | D:2      | Found Vodghugech's Assorted Antiques.
  1123 | D:2      | Reached XP level 4. HP: 26/35 MP: 4/4
  1161 | D:2      | Bought a scroll labelled MECEPHICIMOD for 28 gold pieces
  1161 | D:2      | Bought a scroll labelled DERARI AGHE for 28 gold pieces
  1161 | D:2      | Bought a scroll labelled GIMOSE UFAO for 28 gold pieces
  1161 | D:2      | Bought a lumpy sapphire potion for 25 gold pieces
  1161 | D:2      | Bought a scroll labelled ISILEA UKEV for 28 gold pieces
  1162 | D:2      | Gained mutation: You are somewhat resistant to further
                  | mutation. [potion of mutation]
  1222 | D:2      | Found a snail-covered altar of Cheibriados.
  1422 | D:2      | Reached skill level 1 in Shields
  1475 | D:3      | Noticed Ijyb
  1484 | D:3      | Blown up by Ijyb

Illustrated notes

Levels and vault maps discovered:
D:1:      mrwooster_arrival_statue_3, layout_basic,
          shapermc_ecumenical_altar_mp_urbaneastern
D:2:      layout_rooms, basic_altar, serial_shops, nicolae_shop_dealshenge
D:3:      layout_basic, mainiacjoe_overflow_catch_the_wave, uniq_ijyb

Skill      XL: |  1  2  3  4 |
---------------+-------------+-----
Long Blades    | 4 |  4.3
Fighting       | 3 |  3.1
Shields        | 1 |  1.0
Throwing       | |  2.2
Dodging        | |  4.8

Action                     |  1- 3 |  4- 6 || total
---------------------------+-------+-------++-------
  Melee: Long sword        |   102 |    16 ||   118
  Throw: Throwing net      |     1 |     1 ||     2
         Dart              |       |     6 ||     6
         Javelin           |       |     2 ||     2
    Use: Scroll            |     2 |     6 ||     8
         Potion            |       |     1 ||     1
   Stab: Sleeping          |     4 |       ||     4
 Armour: Leather armour    |    27 |     1 ||    28
  Dodge: Dodged            |    59 |     7 ||    66
  Block: Buckler           |     9 |     1 ||    10
